 Dungeon Crawl Stone Soup version 0.27.1-35-g4d5d836560 (webtiles) character file.

Game seed: 8095571998627708870

313 Delamore the Sneak (level 6, -3/45 HPs)
             Began as an Octopode Brigand on Oct 2, 2022.
             Slain by a phantom (5 damage)
             ... on level 3 of the Dungeon.
             The game lasted 00:02:52 (3307 turns).

Delamore the Sneak (Octopode Brigand)               Turns: 3307, Time: 00:02:52

Health: -3/45      AC:  1    Str: 11    XL:     6   Next: 43%
Magic:  6/6        EV: 15    Int: 13    God:
Gold:   172        SH:  0    Dex: 15    Spells: 5/5 levels left

rFire    . . .     SeeInvis .   l - +1 dagger (drain)
rCold    . . .     Faith    .   (no shield)
rNeg     . . .     Spirit   .   (helmet restricted)
rPois    .         Reflect  .   (no amulet)
rElec    .         Harm     .   (no ring)
rCorr    .         Rampage  .   (no ring)
Will     .....                  (no ring)
Stlth    ++++......             (no ring)
HPRegen  0.15/turn              (no ring)
MPRegen  0.10/turn              (no ring)
                                (no ring)
                                (no ring)

@: brilliant
A: almost no armour, amphibious, 8 rings, camouflage 1, gelatinous body 1,
(nimble swimmer 1), tentacles
a: no special abilities


You were on level 3 of the Dungeon.
You visited 1 branch of the dungeon, and saw 4 of its levels.

You collected 172 gold pieces.

Inventory:

Hand Weapons
 a - a +2 dagger of freezing
 l - a +1 dagger of draining (weapon)
Missiles
 b - 22 poisoned darts (quivered)
 c - 2 curare-tipped darts
 g - 6 atropa-tipped darts
Armour
 e - a +0 tower shield
 h - a +0 kite shield
Scrolls
 f - a scroll of identify
 i - a scroll of blinking
 j - a scroll of immolation


   Skills:
 + Level 4.8 Fighting
 - Level 2.0 Short Blades
 - Level 2.0 Throwing
 + Level 4.4 Dodging
 - Level 5.3 Stealth


You had 5 spell levels left.
You didn't know any spells.
Your spell library was empty.

Dungeon Overview and Level Annotations

Branches:
Dungeon (4/15)
 Temple: D:4-7

Altars:
Vehumet


Innate Abilities, Weirdness & Mutations

You cannot wear most types of armour.
You are amphibious.
You can wear up to eight rings at the same time.
Your skin changes colour to match your surroundings (Stealth+).
Your rubbery body absorbs attacks. (AC +1, EV +1)
((You are camouflaged near water. (Stealth+)))
You have tentacles for arms and can constrict up to eight enemies at once.


Message History

The phantom is moderately damaged.
The phantom closely misses you.
You hit the phantom but do no damage.
The phantom is moderately damaged.
You feel better. The phantom barely misses you.
You hit the phantom.
The phantom is moderately damaged.
The phantom hits you but does no damage.
You barely miss the phantom.
The phantom is moderately damaged.
The phantom hits you!
You miss the phantom. Your squeeze misses the phantom.
The phantom is moderately damaged.
The phantom barely misses you.
It was a potion of brilliance.
You feel clever all of a sudden. The phantom completely misses you.
You closely miss the phantom.
The phantom is moderately damaged.
The phantom hits you.
The phantom blinks!
You blink.
You hit the phantom. Your squeeze misses the phantom.
The phantom is moderately damaged.
The phantom hits you.
* * * LOW HITPOINT WARNING * * *
The phantom blinks!
You blink.
As you read the scroll of identify, it crumbles to dust.
j - a scroll of immolation The phantom hits you.
* * * LOW HITPOINT WARNING * * *
As you read the scroll labelled NIDGHU WAOBAU, it crumbles to dust.
You hear a loud clanging noise!
It was a scroll of noise.
The phantom hits you.
* * * LOW HITPOINT WARNING * * *
The phantom blinks!
You blink.
As you read the scroll labelled WANUCAUFFIM, it crumbles to dust.
It is a scroll of brand weapon.
Your +2 dagger is covered with a thin layer of ice!
a - a +2 dagger of freezing The phantom hits you.
You die...

...#......### #..#.####...÷..##
...#.#....# #..#.# #......##
.....#...########..#<# #......#
.#.#>#.#.......<#..######÷....8##
.#.#.#.#....##..........#......#.
.#.#.#....#.##.##..######_÷.÷.##.
..)..)..........>......#########.
.#.#......#.##.#.W...#.# #.######
##.#).....#.##.#@.#..#.# #.......
.......##.#........§.#.##########
.#.##.########.....§#.....#
.)...........#..#########.#
####..######.#........# #.#
..##..#...............# #.#
...#..#.....###.......# #.#######
...#..#.....'.'.......# #........
.....'#.....###)......# #########


You could see a phantom.

Vanquished Creatures
  Sigmund (D:3)
  A bullfrog zombie (D:3)
  3 gnolls (D:3)
  2 adders
  A worm (D:2)
  A dart slug (D:1)
  4 orcs
  3 endoplasms
  2 giant cockroaches
  8 goblins
  5 hobgoblins
  4 jackals (D:2)
  5 quokkas
  4 ball pythons
  3 bats
  A frilled lizard (D:2)
  8 kobolds
  15 rats
71 creatures vanquished.

Notes
Turn   | Place    | Note
-------+----------+-------------------------------------------
     0 | D:1      | Delamore the Octopode Brigand began the quest for the Orb.
     0 | D:1      | Reached XP level 1. HP: 14/14 MP: 1/1
   315 | D:1      | Reached XP level 2. HP: 15/20 MP: 2/2
  1336 | D:2      | Reached XP level 3. HP: 21/25 MP: 3/3
  2099 | D:3      | Reached XP level 4. HP: 31/31 MP: 4/4
  2443 | D:3      | Reached XP level 5. HP: 18/37 MP: 5/5
  2736 | D:3      | Found a radiant altar of Vehumet.
  2964 | D:3      | Found a faded altar of an unknown god.
  3028 | D:3      | Noticed Sigmund
  3044 | D:3      | Killed Sigmund
  3045 | D:3      | Reached XP level 6. HP: 27/45 MP: 6/6
  3306 | D:3      | HP: 2/45 [phantom (5)]
  3307 | D:3      | Slain by a phantom

Illustrated notes

Levels and vault maps discovered:
D:1:      dpeg_arrival_rooms_with_view, layout_basic, minmay_bisected
D:2:      layout_basic
D:3:      layout_basic, old_standard_altar, shapermc_ecumenical_altar_pompeii,
          uniq_sigmund
D:4:      layout_loops_ring, nicolae_ashenzari_skybound,
          mainiacjoe_overflow_six_doors_small, goddamned_bats

Skill      XL: |  1  2  3  4  5 |
---------------+----------------+-----
Dodging        | 2 3 4 |  4.4
Fighting       | 3 4 |  4.8
Short Blades   | |  2.0
Throwing       | |  2.0
Stealth        | |  5.3

Action                   |  1- 3 |  4- 6 || total
-------------------------+-------+-------++-------
Melee: Dagger            |    93 |    81 ||   174
       Constrict         |    20 |    16 ||    36
       Tentacles         |    10 |    13 ||    23
  Use: Scroll            |       |     4 ||     4
       Potion            |       |     3 ||     3
 Stab: Sleeping          |    12 |     2 ||    14
       Distracted        |     1 |       ||     1
Armor: Skin              |     6 |     3 ||     9
Dodge: Dodged            |    52 |    47 ||    99
